 Dungeon Crawl Stone Soup version 0.19-a0-1457-g32fba05 (console) character file.

10719 flowsnake the Severer (level 11, 0/82 HPs)
             Began as a Hill Orc Fighter on Sept 6, 2016.
             Was a High Priest of Beogh.
             Succumbed to barbed spike wounds
             ... on level 12 of the Dungeon.
             The game lasted 00:35:35 (11057 turns).

flowsnake the Severer (Hill Orc Fighter)           Turns: 11057, Time: 00:35:36

Health: 0/82       AC: 24    Str: 22    XL:     11   Next: 66%
Magic:  13/13      EV:  6    Int: 18    God:    Beogh [*****.]
Gold:   593        SH: 19    Dex: 19    Spells: 0 memorised, 10 levels left

rFire  + . .     SeeInvis .     a - +1 war axe
rCold  . . .     Gourm    .     N - +0 plate armour
rNeg   . . .     Faith    .     B - +2 shield {AC+3}
rPois  .         Spirit   .     s - +2 hat
rElec  .         Dismiss  .     K - +2 cloak {+Inv}
rCorr  .         Reflect  +     p - +0 pair of gloves
MR     .....     Harm     .     V - +3 pair of boots of Waet {Int+4 Dex+9}
Stlth  ..........               H - +3 amulet of reflection
                                e - +5 ring of intelligence
                                I - ring of protection from fire

@: barbed spikes
A: walk on water
a: Smiting, Recall Orcish Followers, Give Item to Named Follower, Renounce
Religion, Evoke Invisibility


You were on level 12 of the Dungeon.
You worshipped Beogh.
Beogh was extremely pleased with you.
You were hungry.

You visited 2 branches of the dungeon, and saw 13 of its levels.

You collected 648 gold pieces.
You spent 55 gold pieces at shops.

Inventory:

Hand Weapons
 a - a +1 war axe (weapon)
 b - the +2 hand axe of the Big Bang {venom, rF+ MR++ Dex+3}
   (You found it on level 11 of the Dungeon)

   It poisons the flesh of those it strikes.
   It affects your dexterity (+3).
   It protects you from fire.
   It affects your resistance to hostile enchantments.
 E - a +2 whip of flaming
 U - a +0 battleaxe
Missiles
 m - 16 tomahawks
 q - 2 exploding tomahawks (quivered)
Armour
 p - a +0 pair of gloves (worn)
 s - a +2 hat (worn)
 B - a +2 shield of protection (worn)
 K - a +2 cloak of invisibility (worn)
 N - a +0 plate armour (worn)
 V - the +3 pair of boots of Waet (worn) {Int+4 Dex+9}
   (You found it on level 8 of the Dungeon)

   It affects your intelligence (+4).
   It affects your dexterity (+9).
Rods
 C - a -2 rod of ignition (10/10)
   (You found it on level 11 of the Dungeon)
Jewellery
 e - a +5 ring of intelligence (right hand)
 H - a +3 amulet of reflection (around neck)
 I - a ring of protection from fire (left hand)
Wands
 t - a wand of paralysis (14/24)
 A - a wand of slowing (17/48)
 D - a wand of iceblast (8/15)
 F - a wand of enslavement (12/24)
 X - a wand of polymorph (15/24)
 Y - a wand of disintegration (13/24)
Scrolls
 c - 2 scrolls of amnesia
 g - 2 scrolls of remove curse
 o - 2 scrolls of teleportation
 v - a scroll of identify
 y - 2 scrolls of fog
 G - 2 scrolls of enchant armour
 P - 2 scrolls of magic mapping
 R - a scroll of enchant weapon
Potions
 d - 3 potions of might
 i - 9 potions of curing
 k - 4 potions of haste
 l - a potion of invisibility
 w - a potion of berserk rage
 x - 2 potions of resistance
 z - a potion of experience {unknown}
 M - a potion of lignification {unknown}
 O - a potion of ambrosia {unknown}
 S - a potion of mutation {unknown}
 Z - 3 potions of flight {unknown}
Comestibles
 f - 9 bread rations
 h - 7 meat rations
 j - 4 fruits
 n - 2 slices of pizza
 L - 2 beef jerkies


   Skills:
 - Level 3.6 Fighting
 + Level 15.5 Axes
 - Level 3.2 Armour
 + Level 13.6 Shields
 - Level 3.2 Invocations
 - Level 2.0 Evocations


You had 10 spell levels left.
You didn't know any spells.

Dungeon Overview and Level Annotations

Branches:
Dungeon (12/15)            Temple (0/1) D:5            Lair (1/6) D:11
    Orc: D:9-12

Altars:
Dithmenos

Shops:
D:11 *   D:12 [


Message History

The big kobold hits you but does no damage.
You hit the manticore but do no damage.
The manticore is heavily wounded.
You hit the big kobold. You hit the manticore but do no damage.
Your surroundings suddenly seem different.
A vampire mosquito comes into view.
The vampire mosquito buzzes angrily.
A vampire mosquito comes into view.
The vampire mosquito buzzes angrily.
A vampire mosquito comes into view.
The vampire mosquito buzzes angrily.
A vampire mosquito comes into view.
The vampire mosquito buzzes angrily.
Found a chain mail.
The barbed spikes dig painfully into your body as you move.
* * * LOW HITPOINT WARNING * * *
A vampire mosquito comes into view.
The vampire mosquito buzzes angrily.
The barbed spikes dig painfully into your body as you move.
You die...

███····(··········
█················
█················
█·····██····█····
█████··········█····
·██···█···············
····················
··········^··█·······
····· ··██
··········<········!
······█ ···████
··················
······· ···█···
·······<·█(·······
·······███·······
················(·
·················
········)?········
·············y··y
······∩···········
·················
··················
·········o·······
········!·········
·····y···········
9·················
·······y·········
········K·········
·················
······/·(········
····y············
···········)·····
····y············
···········██···
·················
···········█ ··
··········[···█··
··············█


You could see 6 vampire mosquitoes.

Vanquished Creatures
  Pikel (D:6)
  A manticore (D:11)
  A cyclops (D:11)
  A gargoyle (D:12)
  A spiny frog (Lair:1)
  Joseph (D:8)
  A troll (D:8)
  Sigmund (D:2)
  A spriggan (D:7)
  A basilisk (D:11)
  2 yaks
  Grum (D:9)
  2 hippogriffs (D:7)
  3 water moccasins
  3 orc warriors
  A wasp (D:11)
  A necrophage (D:8)
  An ice beast (D:5)
  A phantom (D:4)
  3 ogres
  3 centaurs
  3 wolves (D:9)
  A crocodile (Lair:1)
  7 giant frogs
  A gnoll sergeant (D:7)
  A scorpion (D:11)
  3 killer bees (D:9)
  2 wights (D:12)
  3 howler monkeys
  A crimson imp (D:8)
  A hound (D:6)
  5 iguanas
  2 orc priests
  A giant frog skeleton (D:10)
  3 jellies
  Crazy Yiuf (D:4)
  Terence (D:3)
  3 worker ants
  5 orc wizards
  A hound zombie (D:7)
  3 hound skeletons
  A worker ant zombie (D:9)
  11 adders
  7 gnolls
  15 river rats
  3 shadow imps
  An ooze (D:1)
  2 adder skeletons
  3 worms
  4 dart slugs (D:1)
  3 giant geckos
  22 orcs
  3 ball pythons
  7 giant cockroaches
  4 goblins
  8 hobgoblins
  12 jackals
  2 kobolds
  7 quokkas
  7 bats
  4 giant newts
  A jackal zombie (D:7)
  A quokka zombie (D:5)
  6 rats
213 creatures vanquished.

Vanquished Creatures (collateral kills)
  A death yak (D:11)
  2 hill giants
  An ugly thing (D:11)
  2 trolls
  A vampire (D:10)
  7 yaks
  A hungry ghost (D:11)
  2 water moccasins (D:10)
  2 porcupines (D:11)
  An ogre (D:11)
  An orc warrior (D:10)
  An ice beast (D:11)
  A wasp (D:11)
  A sky beast (D:10)
  A phantom (D:11)
  A wolf (D:9)
  A wyvern skeleton (D:11)
  A scorpion (D:9)
  2 killer bees (D:9)
  2 howler monkeys
  A hound (D:9)
  A jelly (D:11)
  An orc priest (D:10)
  An iguana (D:11)
  2 hell rats (D:11)
  A worker ant (D:10)
  A hound zombie (D:11)
  2 quokkas (D:11)
42 creatures vanquished.

Vanquished Creatures (others)
  3 orc knights (D:11)
  A crimson imp (D:6)
  2 orc wizards
  2 adders
  9 orcs
  2 giant cockroaches (D:3)
  A goblin (D:3)
  A bat (D:3)
  3 kobolds
24 creatures vanquished.

Grand Total: 279 creatures vanquished

Notes
Turn   | Place    | Note
-------+----------+-------------------------------------------
     0 | D:1      | flowsnake the Hill Orc Fighter began the quest for the Orb.
     0 | D:1      | Reached XP level 1. HP: 19/19 MP: 1/1
   106 | D:1      | Reached skill level 3 in Axes
   109 | D:1      | Reached XP level 2. HP: 26/26 MP: 2/2
   484 | D:1      | Reached XP level 3. HP: 26/31 MP: 3/3
  1180 | D:2      | Noticed Sigmund
  1319 | D:3      | Noticed Terence
  1335 | D:3      | Killed Terence
  1335 | D:3      | Reached skill level 4 in Axes
  1335 | D:3      | Reached XP level 4. HP: 39/39 MP: 4/4
  1407 | D:3      | Became a worshipper of Beogh the Brigand
  2153 | D:3      | Reached skill level 5 in Axes
  2153 | D:3      | Reached skill level 5 in Shields
  2153 | D:3      | Reached XP level 5. HP: 39/45 MP: 5/5
  2326 | D:2      | Killed Sigmund
  2326 | D:2      | Reached skill level 6 in Axes
  2326 | D:2      | Reached XP level 6. HP: 14/51 MP: 6/6
  2923 | D:2      | Found a shadowy altar of Dithmenos.
  3377 | D:2      | Reached * piety under Beogh
  3532 | D:4      | Noticed an orc warrior
  3724 | D:4      | Noticed a phantom
  3738 | D:4      | Killed a phantom
  3738 | D:4      | Reached skill level 7 in Axes
  3738 | D:4      | Reached XP level 7. HP: 45/57 MP: 7/7
  3917 | D:5      | Entered Level 5 of the Dungeon
  4711 | D:5      | Found a staircase to the Ecumenical Temple.
  4963 | D:6      | Reached skill level 8 in Axes
  5138 | D:6      | Noticed Pikel
  5149 | D:6      | Killed Pikel
  5149 | D:6      | Reached skill level 9 in Axes
  5149 | D:6      | Reached XP level 8. HP: 58/64 MP: 8/8
  5520 | D:7      | Reached ** piety under Beogh
  5520 | D:7      | Reached skill level 10 in Axes
  5989 | D:4      | Found a runed door.
  5993 | D:4      | Noticed Crazy Yiuf
  5998 | D:4      | Killed Crazy Yiuf
  6047 | D:4      | Reached skill level 1 in Evocations
  6047 | D:4      | Reached XP level 9. HP: 70/70 MP: 9/9
  6946 | D:7      | Reached skill level 11 in Axes
  6950 | D:7      | Reached skill level 10 in Shields
  7709 | D:8      | Got a pair of shimmering boots
  7720 | D:8      | Identified the +3 pair of boots of Waet {Int+4 Dex+9} (You found it on level 8 of the Dungeon)
  7852 | D:8      | Noticed a troll
  7875 | D:8      | Killed a troll
  7875 | D:8      | Reached skill level 12 in Axes
  7963 | D:8      | Reached XP level 10. HP: 75/76 MP: 11/11
  7966 | D:8      | Noticed Joseph
  7980 | D:8      | Killed Joseph
  8132 | D:8      | Reached *** piety under Beogh
  8400 | D:9      | Noticed Grum
  8415 | D:9      | Killed Grum
  8433 | D:9      | Reached skill level 13 in Axes
  8645 | D:9      | Reached skill level 1 in Invocations
  9013 | D:10     | Entered Level 10 of the Dungeon
  9329 | D:10     | Gained Borgk as an ally
  9477 | D:10     | Reached skill level 14 in Axes
  9492 | D:10     | Noticed a hill giant
  9499 | D:10     | Killed a hill giant
  9582 | D:10     | Reached XP level 11. HP: 81/81 MP: 13/13
  9794 | D:11     | Reached **** piety under Beogh
  9875 | D:11     | Noticed a manticore
  9884 | D:11     | Killed a manticore
  9919 | D:11     | Got an ancient hand axe
  9920 | D:11     | Identified the +2 hand axe of the Big Bang {venom, rF+ MR++ Dex+3} (You found it on level 11 of the Dungeon)
  9950 | D:11     | Found Oleytet's General Store.
  9958 | D:11     | Bought a potion of berserk rage for 55 gold pieces
 10006 | D:11     | Noticed a hill giant
 10007 | D:11     | Found a staircase to the Lair.
 10008 | D:11     | Noticed a death yak
 10008 | D:11     | Noticed a cyclops
 10021 | D:11     | Killed a hill giant
 10024 | D:11     | Killed a death yak
 10028 | D:11     | Reached skill level 15 in Axes
 10031 | D:11     | Your ally Borgk died
 10035 | D:11     | Gained Ortolf as an ally
 10037 | D:11     | Killed a cyclops
 10285 | D:11     | Noticed a brown ugly thing
 10296 | D:11     | Killed a brown ugly thing
 10319 | D:11     | Noticed an eight-headed hydra
 10335 | D:11     | Your ally Ortolf died
 10363 | Lair:1   | Entered Level 1 of the Lair of Beasts
 10775 | Lair:1   | Reached ***** piety under Beogh
 10816 | Lair:1   | Noticed an eight-headed hydra
 10997 | D:12     | Found Naesiur's Antique Armour Shoppe.
 11027 | D:12     | Noticed a manticore
 11034 | D:12     | Noticed a manticore
 11043 | D:12     | HP: 1/81 [manticore/volley of spikes (16)]
 11052 | D:12     | HP: 2/82 [manticore (3)]
 11057 | D:12     | Succumbed to barbed spike wounds

Vault maps used:
D:1:      dpeg_arrival_rhombus, minmay_parallelograms
D:2:      nicolae_dithmenos_through_a_glass_darkly, uniq_sigmund
D:3:      uniq_terence
D:4:      first_bread, uniq_crazy_yiuf_cottage
D:6:      minmay_misc_feat_iff, uniq_pikel
D:7:      the_bakery, small_statue_alley_b, kennysheep_generic_room_9
D:8:      uniq_joseph
D:9:      mrwooster_statue_mirror, uniq_grum
D:11:     kennysheep_blocky_hall, dpeg_lair_monsters, serial_shops,
          nicolae_shop_stone
D:12:     hiddenorc2_lemuel, serial_shops, shop, lightli_church_of_beogh

Skill      XL: |  1  2  3  4  5  6  7  8  9 10 11 |
---------------+----------------------------------+-----
Axes           | 3 4 5 6 7 9 10 12 14 15 | 15.5
Shields        | 4 5 6 8 9 11 12 13 | 13.6
Evocations     | 1 2 |  2.0
Invocations    | 3 |  3.2
Fighting       | |  3.6
Armour         | |  3.2

Action                   |  1- 3 |  4- 6 |  7- 9 | 10-12 || total
-------------------------+-------+-------+-------+-------++-------
Melee: War axe           |    80 |   173 |   388 |   318 ||   959
Throw: Tomahawk          |       |       |     2 |       ||     2
Invok: Convert to Beogh  |       |     1 |       |       ||     1
       Recall Orcish Fol |       |       |       |     1 ||     1
  Use: Scroll            |       |     7 |     8 |     4 ||    19
       Potion            |       |       |       |     2 ||     2
 Stab: Distracted        |       |       |       |     2 ||     2
  Eat: Chunk             |     1 |     8 |    14 |     8 ||    31
       Fruit             |       |       |       |     2 ||     2
Armor: Scale mail        |    36 |    62 |    51 |       ||   149
       Plate armour      |       |       |    86 |   114 ||   200
Dodge: Dodged            |    20 |    39 |    78 |    36 ||   173
Block: Shield            |    49 |    86 |   292 |   288 ||   715
       Reflection        |       |       |     7 |    12 ||    19
